Cogmind - Beta 16.1 @@@ ROGUE MODE // 2026.04.24 @ 00:20:52 Player: Bereft Result: Destroyed by S-10 Pest with Light Assault Rifle Performance ------------- Evolutions (0) 0 Regions Visited (4) 800 Robots Destroyed (1) 5 Value Destroyed (7) 7 Prototype IDs (23) 460 Alien Tech Used (0) 0 Bonus (300) 300 TOTAL SCORE: 1572 Bonus ------- Aligned with FarCom 300 Cogmind --------- Core Integrity 0/250 Matter 300/300 Energy 99/100 System Corruption 7% Temperature Cool (0) Movement Core (50) Location -9/Mines Parts ------- > --- POWER (1) -------- (None) > --- PROPULSION (2) --- (None) > --- UTILITY (2) ------ (None) > --- WEAPON (2) ------- (None) > --- INVENTORY (5) ---- Improved Terrain Scanner Peak State ------------ > --- POWER ------------ Light Ion Engine > --- PROPULSION ------- (None) > --- UTILITY ---------- Seismic Detector Skeleton Box > --- WEAPON ----------- Makeshift Spear > --- INVENTORY -------- (None) [Rating: 12] Favorites ----------- Power Light Ion Engine Engine Light Ion Engine Propulsion None Utility Skeleton Box Device Skeleton Box Weapon Makeshift Spear Piercing Weapon Makeshift Spear Build | -11 -10 -10 -10 -9 ------- Run | Yrd Mat Min Exi Min Slots Evolved . | . . . . . Power . | . . . . . Propulsion . | . . . . . Utility . | . . . . . Weapon . | . . . . . Parts Attached 4 | . . . 2 2 Power 1 | . . . . 1 Engine 1 | . . . . 1 Core . | . . . . . Reactor . | . . . . . Propulsion . | . . . . . Treads . | . . . . . Leg . | . . . . . Wheel . | . . . . . Hover . | . . . . . Flight . | . . . . . Utility 2 | . . . 1 1 Device 2 | . . . 1 1 Storage . | . . . . . Processor . | . . . . . Hackware . | . . . . . Protection . | . . . . . Artifact . | . . . . . Weapon 1 | . . . 1 . Energy Gun . | . . . . . Energy Cannon . | . . . . . Ballistic Gun . | . . . . . Ballistic Cannon . | . . . . . Launcher . | . . . . . Special Weapon . | . . . . . Impact Weapon . | . . . . . Slashing Weapon . | . . . . . Piercing Weapon 1 | . . . 1 . Special Melee Weapon . | . . . . . Unidentified Prototypes . | . . . . . Parts Lost 3 | . . . . 3 Power 1 | . . . . 1 Propulsion . | . . . . . Utility 2 | . . . . 2 Weapon . | . . . . . Highest Loss Streak 3 | . . . . 3 To Critical Strikes . | . . . . . Average Backups . | . . . 1 . Power . | . . . . . Propulsion . | . . . . . Utility . | . . . . . Weapon . | . . . 1 . Tool/Special . | . . . . . Unused Backups 1 | . . . . 1 Power . | . . . . . Propulsion . | . . . . . Utility 1 | . . . . 1 Weapon . | . . . . . Tool/Special . | . . . . . Average Slot Usage (%) 14 | . . . . 42 Engine 3 | . . . . 10 Device 7 | . . . . 20 Piercing Weapon 3 | . . . . 11 Peak Build Rating 12 | . . . 10 12 Average Rating 3 | . . . . 9 On Entrance 2 | . . . . 10 Avg Prop Armor Cover (%) . | . . . . . Naked Turns 597 | . 29 152 363 53 Heaviest Build 8 | . . . 4 8 Greatest Support 3 | 3 3 3 3 3 Greatest Overweight (x) 2 | . . . 1 2 Average Overweight (x) . | . . . . 1 Largest Inventory Capacity 5 | 5 5 5 5 5 Average Capacity 5 | 5 5 5 5 5 Most Carried 2 | . . 1 2 1 Average Carried . | . . . 1 . Final Capacity 5 | 5 5 5 5 5 Final Carried 1 | . . 1 . 1 Class Distribution -------------------- 100% | Mutant Dominant Class ---------------- Mutant | -10/Materials Mutant | -10/Mines Mutant | -10/Exiles Mutant | -9/Mines Resources | -11 -10 -10 -10 -9 ----------- Run | Yrd Mat Min Exi Min Matter Collected 220 | 200 . . . 20 Remotely . | . . . . . Salvage Created 25 | . . . . 25 Parts 3 | . . . . 3 Haulers Intercepted . | . . . . . Recyclers Shooed . | . . . . . Parts Field Recycled . | . . . . . Retrieved Matter . | . . . . . Parts Self-Destructed . | . . . . . Prevented . | . . . . . Parts Restored . | . . . . . Kills | -11 -10 -10 -10 -9 ------- Run | Yrd Mat Min Exi Min Combat Hostiles Destroyed . | . . . . . Classes Destroyed 1 | . . . . 1 Tunneler 1 | . . . . 1 Best Kill Streak 1 | . . . . 1 Combat Bots Only . | . . . . . Max Kills in Single Turn 1 | . . . . 1 Gunslinging . | . . . . . Exploded . | . . . . . Melee . | . . . . . Uniques/NPCs Destroyed . | . . . . . Combat | -11 -10 -10 -10 -9 -------- Run | Yrd Mat Min Exi Min Hostile Shots Fired 37 | . 7 . . 30 Missed 11 | . 4 . . 7 Hits 26 | . 3 . . 23 Melee 6 | . . . . 6 Projectile 20 | . 3 . . 17 Damage Taken 376 | . 25 . . 351 Core 257 | . 25 . . 232 Absorbed by Shields . | . . . . . Core Remaining (%) 100 | 100 . . . . Volleys Fired . | . . . . . Largest . | . . . . . Hottest . | . . . . . Shots Fired . | . . . . . Gun . | . . . . . Cannon . | . . . . . Launcher . | . . . . . Special . | . . . . . Kinetic . | . . . . . Thermal . | . . . . . Explosive . | . . . . . Electromagnetic . | . . . . . Robot Hit Streak . | . . . . . Robot Miss Streak . | . . . . . Penetration Max . | . . . . . Secondary Targets . | . . . . . Shots Hit Robots 4 | . . . . 4 Core Hits 1 | . . . . 1 Critical Kills . | . . . . . Critical Parts Destroyed . | . . . . . Critical Strikes . | . . . . . Melee Attacks 9 | . . . . 9 Impact . | . . . . . Slashing . | . . . . . Piercing 9 | . . . . 9 Sneak Attacks 1 | . . . . 1 Combat Hostiles . | . . . . . Follow-up Attacks . | . . . . . Damage Inflicted 138 | . . . . 138 Guns . | . . . . . Cannons . | . . . . . Explosions . | . . . . . Melee 128 | . . . . 128 Ramming 10 | . . . . 10 Kinetic . | . . . . . Thermal . | . . . . . Explosive . | . . . . . Electromagnetic . | . . . . . Impact . | . . . . . Slashing . | . . . . . Piercing 128 | . . . . 128 Highest Corruption 7 | . . . . 7 Average Corruption 6 | . . . . 6 Corruption Purged . | . . . . . Corruption Blocked . | . . . . . Effects 2 | . . . . 2 Energy Discharges 1 | . . . . 1 Parts Rejected 1 | . . . . 1 Overload Shots . | . . . . . Overflow Damage 19 | . . . . 19 Projectiles . | . . . . . Explosions . | . . . . . Melee 19 | . . . . 19 Knockbacks . | . . . . . Impact . | . . . . . Kinetic . | . . . . . Secondary . | . . . . . Self-Inflicted Damage 5 | . . . . 5 Shots . | . . . . . Rammed 2 | . . . . 2 Targets Rammed 2 | . . . . 2 Kicked . | . . . . . Crushed . | . . . . . Highest Temperature . | . . . . . Average Temperature . | . . . . . Received Heat Transfer 90 | . . . . 90 Siege Activations . | . . . . . Martial Activations . | . . . . . Shielding Activations . | . . . . . Robots Disrupted . | . . . . . Combat Hostiles . | . . . . . Robots Corrupted . | . . . . . Combat Hostiles . | . . . . . Parts Fried . | . . . . . Impact Corruptions . | . . . . . Robots Melted . | . . . . . Combat Hostiles . | . . . . . Parts Melted . | . . . . . Heat Transferred . | . . . . . Parts Sabotaged . | . . . . . Parts Stolen . | . . . . . Parts Stripped . | . . . . . Power Chain Reactions . | . . . . . Alert | -11 -10 -10 -10 -9 ------- Run | Yrd Mat Min Exi Min Maximum Alert Level . | . . . . . Low Security (%) 100 | 100 100 100 . 100 Level 1 . | . . . . . Level 2 . | . . . . . Level 3 . | . . . . . Level 4 . | . . . . . Level 5 . | . . . . . High Security . | . . . . . Max Security . | . . . . . Peak Influence 5 | . 5 . . 5 Initial . | . . . . . Average . | . . . . . Influence Increases 10 | . 5 . . 5 Destroy 0b10 Robot/NC 5 | . . . . 5 Successful Hack 5 | . 5 . . . Influence Decreases 10 | . 5 . . 5 Time Decay 10 | . 5 . . 5 Squads Dispatched . | . . . . . Investigation . | . . . . . Extermination . | . . . . . Reinforcement . | . . . . . Assault . | . . . . . Garrison . | . . . . . Intercept . | . . . . . Searches Triggered . | . . . . . Construction Impeded . | . . . . . Haulers Reinforced . | . . . . . Active Scanning Responses . | . . . . . Cargo Convoy Interrupts . | . . . . . Stealth | -11 -10 -10 -10 -9 --------- Run | Yrd Mat Min Exi Min Distress Signals 1 | . 1 . . . Communications Jammed . | . . . . . Distress Signals . | . . . . . Times Spotted 14 | . 4 . . 10 Peak Tracking Total 9 | . 4 . . 9 Tactical Retreats 1 | . . . . 1 Traps | -11 -10 -10 -10 -9 ------- Run | Yrd Mat Min Exi Min Traps Triggered . | . . . . . Indirectly . | . . . . . Trap Hack Attempts . | . . . . . Triggered . | . . . . . Disarmed . | . . . . . Reprogrammed . | . . . . . Reused . | . . . . . Traps Extracted . | . . . . . Installed . | . . . . . Triggered . | . . . . . Machines | -11 -10 -10 -10 -9 ---------- Run | Yrd Mat Min Exi Min Machines Disabled . | . . . . . Max in Single Turn . | . . . . . Machines Repaired . | . . . . . Machines Dismantled . | . . . . . Machines Sabotaged . | . . . . . Overloaded Fab Kills . | . . . . . Hacking | -11 -10 -10 -10 -9 --------- Run | Yrd Mat Min Exi Min Machines Accessed 6 | . 1 . 5 . Terminals 1 | . 1 . . . Fabricators . | . . . . . Repair Stations . | . . . . . Recycling Units . | . . . . . Scanalyzers . | . . . . . Garrison Access . | . . . . . Total Hacks 51 | . 1 . 50 . Successful 51 | . 1 . 50 . Failed . | . . . . . Catastrophic . | . . . . . Database Lockouts . | . . . . . Manual 1 | . . . 1 . Terminals 1 | . 1 . . . Fabricators . | . . . . . Repair Stations . | . . . . . Recycling Units . | . . . . . Scanalyzers . | . . . . . Garrison Access . | . . . . . Terminal Hacks 51 | . 1 . 50 . Record 49 | . . . 49 . Zone Layout 1 | . 1 . . . Proto ID Catalog 1 | . . . 1 . Fabricator Hacks . | . . . . . Repair Station Hacks . | . . . . . Recycling Unit Hacks . | . . . . . Scanalyzer . | . . . . . Garrison Access Hacks . | . . . . . Unauthorized Hacks . | . . . . . Terminals . | . . . . . Fabricators . | . . . . . Repair Stations . | . . . . . Recycling Units . | . . . . . Scanalyzers . | . . . . . Garrison Access . | . . . . . Data Cores Recovered . | . . . . . Used . | . . . . . Hacking Detections . | . . . . . Full Trace Events . | . . . . . Feedback Events . | . . . . . Feedback Blocked . | . . . . . Robot Schematics Acquired . | . . . . . Robots Built . | . . . . . Authchips . | . . . . . Time . | . . . . . Total Robot Build Rating . | . . . . . Part Schematics Acquired . | . . . . . Parts Built . | . . . . . Authchips . | . . . . . Time . | . . . . . Total Part Build Rating . | . . . . . Part Studies Acquired . | . . . . . Parts Repaired . | . . . . . Time . | . . . . . Parts Recycled . | . . . . . Recycled Matter . | . . . . . Retrieved Matter . | . . . . . Retrieved Components . | . . . . . Parts Scanalyzed . | . . . . . Part Schematics Acquired . | . . . . . Parts Damaged . | . . . . . Bothacking | -11 -10 -10 -10 -9 ------------ Run | Yrd Mat Min Exi Min Used RIF Installer . | . . . . . Robots Hacked . | . . . . . Non-combat . | . . . . . Combat . | . . . . . Robot Hacks Applied . | . . . . . Relay Couplers Released . | . . . . . Fabnet Peak Effective % . | . . . . . Robots Rewired . | . . . . . Allies Hacked . | . . . . . Hacks Repelled . | . . . . . Allies | -11 -10 -10 -10 -9 -------- Run | Yrd Mat Min Exi Min Total Allies . | . . . . . Largest Group . | . . . . . Highest-Rated Group . | . . . . . Highest-Rated Ally . | . . . . . Total Orders . | . . . . . Ally Attacks . | . . . . . Total Damage . | . . . . . Kills . | . . . . . Allies Corrupted . | . . . . . Allies Melted . | . . . . . Intel | -11 -10 -10 -10 -9 ------- Run | Yrd Mat Min Exi Min Active Infowar (turns) 207 | . . . . 207 Seismic 207 | . . . . 207 Robot Analysis Total . | . . . . . Derelict Logs Recovered 1 | . . 1 . . Drone Launches . | . . . . . Drone Recoveries . | . . . . . Exploration | -11 -10 -10 -10 -9 ------------- Run | Yrd Mat Min Exi Min Turns Passed 859 | 16 29 152 365 297 Spaces Moved 1165 | 29 58 153 724 201 Core 1165 | 29 58 153 724 201 Treads . | . . . . . Legs . | . . . . . Wheels . | . . . . . Hover . | . . . . . Flight . | . . . . . Fastest Speed 50 | 50 50 50 50 50 Average Speed 60 | 50 50 50 50 109 Slowest Speed 150 | 50 50 50 100 150 Overloaded Moves . | . . . . . Propulsion Burnouts . | . . . . . Robots Hopped . | . . . . . Potential Cave-ins . | . . . . . Cave-ins Triggered . | . . . . . Exploration Rate (%) 37 | 3 18 36 93 35 Regions Visited 4 Branch Regions 3 Pre-discovered Areas 1 | . . . 1 . Known Exits Taken . | . . . . . Unknown Exits Taken 4 | 1 1 1 1 . Scrap Searched . | . . . . . Spaces Dug . | . . . . . Terrain Destroyed . | . . . . . Melee . | . . . . . Projectile . | . . . . . AOE . | . . . . . Terrain Rammed . | . . . . . Walls Destroyed . | . . . . . Machines Disabled . | . . . . . Actions | -11 -10 -10 -10 -9 --------- Run | Yrd Mat Min Exi Min Total 1307 | 29 57 227 726 268 Wait 128 | 1 . 74 . 53 Move 1161 | 28 57 152 723 201 Hop . | . . . . . Pick Up 3 | . . 1 1 1 Fast Attach 2 | . . . . 2 Attach 2 | . . . 2 . Detach . | . . . . . Swap . | . . . . . Drop . | . . . . . Fire . | . . . . . Melee 9 | . . . . 9 Ram 2 | . . . . 2 Kick . | . . . . . Crush . | . . . . . Escape Stasis . | . . . . . Rewire . | . . . . . Trap . | . . . . . Miscellaneous . | . . . . . Route ------- -11/Scrapyard -10/Materials -10/Mines -10/Exiles (discovered 2 exits: [*Min x2]) -9/Mines History --------- Turn | Location | Event 10 | -11/Scrapyard | Discovered new exit (range 12) 17 | -11/Scrapyard | Entered Materials 39 | -10/Materials | Discovered new exit (range 16) 46 | -10/Materials | Entered Mines 159 | -10/Mines | Received a Rocket Launcher from a helpful Derelict 178 | -10/Mines | Learned Materials non-interactive machine intel 182 | -10/Mines | A weapon hastily lodged in a ceiling crevice suddenly fell to the ground 196 | -10/Mines | Deemed a non-threat by the Exiles lab entrance 196 | -10/Mines | Discovered new exit (range 5) 198 | -10/Mines | Entered Exiles 209 | -10/Exiles | Discovered new exit (range 15) 227 | -10/Exiles | Met 8R-AWN 235 | -10/Exiles | Met EX-HEX 261 | -10/Exiles | Met EX-DEC 281 | -10/Exiles | Visited The Gauntlet 305 | -10/Exiles | Build established: Mutant 354 | -10/Exiles | Learned location of Zion (-6) 378 | -10/Exiles | Discovered new exit (range 14) 417 | -10/Exiles | Met EX-BIN 422 | -10/Exiles | Aligned with FarCom system 423 | -10/Exiles | Given EX-Vault access code 444 | -10/Exiles | Opened EX-Vault 448 | -10/Exiles | Found Skeleton Box 459 | -10/Exiles | Warned to stay clear of 0b10 Research branches 563 | -10/Exiles | Left Exiles lab with Skeleton Box 563 | -10/Exiles | Entered Mines 808 | -9/Mines | Core integrity fell below 50% 817 | -9/Mines | Assembled infested the area 822 | -9/Mines | Assisted by a Guerilla fighting off Assembled 827 | -9/Mines | Core integrity fell below 20% 832 | -9/Mines | Lost 3 parts (1p2u) 860 | -9/Mines | Destroyed by S-10 Pest with Light Assault Rifle Last Messages --------------- Acquired Lgt. Ion Engine. Acquired Seismic Detector. Acquired Imp. Terrain Scanner. Seismic Detector destroyed. System corrupted by crushing effect (+2). Knocked back. Lgt. Ion Engine destroyed. Skeleton Box destroyed. System corrupted by crushing effect (+2). System corrupted by crushing effect (+3). Knocked back. System corrupted: Mak. Spear rejected. Slammed into B-36 Bruiser. ALERT: Infestation in the mines, dispatching Demolisher response squad. System corrupted: Energy discharge (-29). C-45 Heavy ARC bursts open, deploying its payload. D-53 Grenadier unfolds itself. K-01 Serf collects debris. Map ----- +----------------------------------------------------+ | ?????????????????????????????????????????????????? | | ?????????????????????????????????????????????????? | | ?????????????????????????????????????????????????? | | ?????????????????????????????????????????????????? | | ?????????????????????????????????????????????????? | | ?????????????????????????????????????????????????? | | ?????????????????????????????????????????????????? | | ?????????????????????????????????????????????????? | | ?????????????????????????????????????????????????? | | ?????????????????????????????????????????????????? | | ?????????????????????????? ??????????????????????? | | ?????????????????????????? ??????????????????????? | | ?????????????????????????? ??????????????????????? | | ?????????????????????????? #?????????????????????? | | ?????????????????????????? #?????????????????????? | | ?????????????????????????? #?????????????????????? | | ????????????????????????## #?????????????????????? | | ???????????????????????## ##????????????????????? | | ???????????????????????# #????????????????????? | | ???????????????????????# ?????????????????????? | | ???????????????????????# ?????????????????????? | | ??????????????????????## #?????????????????????? | | ??????????????????????# d #?????????????????????? | | ??????????????????????# d k#?????????????????????? | | ?????????????????????## #?????????????????????? | | ????????????????????## @k##????????????????????? | | ???????????????????## #????????????????????? | | ???????????????????# #????????????????????? | | ???????????????????# #????????????????????? | | ???????????????????## ##???????????????????? | | ????????????????????## s ##??????????????????? | | ?????????????????????# s# ##?????????????????? | | ?????????????????????#s # ##????????????????? | | ?????????????????????# r ##???????????????? | | ??????????????? s # gr ##??????????????? | | ???????????? $ ?# ##?????????????? | | ??####?????? ########?# ## #?????????????? | | ?## ##?????????????????#b #### #?????????????? | | ## #??????????####??## ##??## ##?????????????? | | # #??????##### ##?# ##???####??????????????? | | #????### ### ######??###########???? | | #????## ### ##?# #???? | | ## ###### #### ### #???? | | ???# #### ## ##### #???? | | ???# ## ## #???# #???? | | ???### #### ## #???# #???? | | ?????# ##?## # ## #??## #???? | | ?????## #?## ## # #### ##??? | | ??????### ##?# ## # ## ######## ##?? | | ????????## ##??# # ## #????## """ #?? | +----------------------------------------------------+ Best States ------------- Heat Dissipation 25 Energy Generation 10 Energy Capacity 125 Matter Stores 300 Matter Capacity 300 Sight Range 16 Terrain Scan Density 10 Evasion (%) 50 Item Schematics ----------------- None Robot Schematics ------------------ None Fabricated ------------ Nothing Repaired ---------- Nothing Studied --------- None Alien Tech Used ----------------- None Achievements -------------- None Challenges ------------ None Game ------ Seed TimingOpticalWeb Manual? 0 Play Time 00:15:21 Cumulative 22.8 hours Start 2026.04.24 @ 00:05:39 End 2026.04.24 @ 00:20:52 Sessions 1 Manual Loads 0 Difficulty Rogue Special Mode None Game No. 35 Rogue 35 Adventurer 0 Explorer 0 Win Type - Total 0 Types 0/0/0/0/0/0/0/0/0/0 Lore% 16 Gallery% 22 Achievement% 20 Wizard Run 0 Options --------- Layout 1 ASCII 0 Keyboard 0 Movement Numpad Keybinds 0 Fullscreen 1 Font 32/SmallcapsGlow Map View 50x35 Zoom Use 0% Tactical HUD 0 Map Filters NONE Filters NONE Steam 1 RUN: e995df84-d4be-4a61-b6d0-7195e35f3086